 Dungeon Crawl Stone Soup version 0.28.0-55-gcd9437bce4 (webtiles) character file.

Game seed: 7835580149616720670

21 tkbsonic5 the Stinger (level 2, 0/25 HPs)
             Began as a Naga Venom Mage on Dec 17, 2022.
             Slain by an adder (4 damage)
             ... on level 2 of the Dungeon.
             The game lasted 00:04:50 (952 turns).

tkbsonic5 the Stinger (Naga Venom Mage)              Turns: 952, Time: 00:04:51

Health: 0/25       AC:  2    Str: 10    XL:     2   Next: 87%
Magic:  0/5        EV:  9    Int: 15    God:
Gold:   50         SH:  0    Dex: 11    Spells: 2/5 levels left

rFire   + . .      SeeInvis +   f - +0 mace
rCold   + . .      Faith    .   (no shield)
rNeg    . . .      Spirit   .   a - +0 robe
rPois   +          Reflect  .   (no helmet)
rElec   +          Harm     .   d - +0 cloak
rCorr   +          Rampage  .   (no gloves)
Will    .....                   (no barding)
Stlth   ++........              (no amulet)
HPRegen 0.08/turn               (no ring)
MPRegen 0.09/turn               (no ring)

@: resistant, hasted, quick
A: AC +0, large, see invisible, deformed body, poison resistance, slowness 2,
spit poison 1, naga tail 1
a: Spit Poison


You were on level 2 of the Dungeon.
You visited 1 branch of the dungeon, and saw 2 of its levels.

You collected 50 gold pieces.

Inventory:

Hand Weapons
 e - a +0 short sword
 f - a +0 mace (weapon)
Armour
 a - a +0 robe (worn)
 d - a +0 cloak (worn)
Wands
 h - a wand of polymorph (5)
Scrolls
 g - a scroll of magic mapping {unknown}


   Skills:
 * Level 1.1 Fighting
 - Level 1.5 Dodging
 * Level 3.8 Stealth
 + Level 2.1 Spellcasting
 + Level 1.3 Transmutations
 + Level 4.1 Poison Magic


You had 2 spell levels left.
You knew the following spells:

 Your Spells              Type           Power      Damage    Failure   Level
a - Sting                 Tmut/Pois      36%        1d4       7%          1
b - Poisonous Vapours     Pois/Air       14%        N/A       14%         2

Your spell library contained the following spells:

 Spells                   Type           Power      Damage    Failure   Level
 Mephitic Cloud           Conj/Pois/Air  5%         N/A       36%         3
 Olgreb's Toxic Radiance  Pois           14%        N/A       36%         4


Dungeon Overview and Level Annotations

Branches:
Dungeon (2/15)

Altars:
Qazlal


Innate Abilities, Weirdness & Mutations

Your serpentine skin is tough. (AC +0)
You have supernaturally acute eyesight. (SInv)
Armour fits poorly on your strangely shaped body.
Your system is resistant to poisons. (rPois)
You cover ground very slowly.
You can spit poison.
You have a snake-like lower body.


Message History

You miscast Poisonous Vapours.
You are very lightly contaminated with residual magic.
Nothing appears to happen.
Poisonous vapours surround the quokka!
The quokka is poisoned.
A goblin comes into view. It is wielding a +0 dagger.
The goblin shouts!
The goblin unwields a +0 dagger.
The goblin wields a +0 hunting sling.
The goblin shoots a stone.
The stone hits you but does no damage.
An adder comes into view.
The goblin shoots a stone.
The stone hits you.
The goblin shoots a stone.
The stone hits you.
The goblin shoots a stone.
The stone hits you.
You kill the quokka!
Your magical contamination has completely faded away.
As you read the scroll labelled XOINEG ROAVE, it crumbles to dust.
You assume a fearsome visage.
Nothing appears to happen.
It was a scroll of fear.
Aiming: Spit Poison (2% risk of failure)
Press: ? - help, Shift-Dir - straight line, f - adder
Aim: an adder (37% to hit)
The splash of poison misses the adder.
You are too injured to fight recklessly!
Aiming: Poisonous Vapours (safe; 14% risk of failure)
Press: ? - help, Q - select action, (/) - cycle Dir - move target, f/p - adder
Aim: an adder Poisonous vapours surround the adder!
The adder is poisoned.
The adder bites you but does no damage.
It was a potion of haste.
You feel yourself speed up.
You have got your breath back.
The adder bites you. x2
* * * LOW HITPOINT WARNING * * *
You barely miss the adder.
The adder is lightly wounded.
The adder bites you.
* * * LOW HITPOINT WARNING * * *
It was a potion of resistance.
You feel protected.
As you read the scroll labelled TAINLUW NEATZ, it crumbles to dust.
The scroll dissolves into smoke.
It was a scroll of fog.
The adder bites you.
You die...

## ####...## ####.# ##.
#.....###########.# ##...
#.....###.......... #....
#.._...##.#.###..#. #.....
#......##.#.###....
#....####..................
#.........§#####.#.##.....
##.....###§#####........#.
#...†.gS@§§..# ##......##
.....#...###§##.# ###...##
##.# ##.## §# # #...# # #?#
.# #...### ..# .# #......
...# .# #####...### .g.[#
.# ........... ..... ..
........... .....#
.......<...


You could see an adder (poisoned) and a goblin.

Vanquished Creatures
  2 dart slugs (D:1)
  2 ball pythons (D:1)
  A giant cockroach (D:1)
  A goblin (D:1)
  3 hobgoblins
  A kobold (D:1)
  A quokka (D:2)
  A bat (D:1)
  A frilled lizard (D:1)
  3 rats
16 creatures vanquished.

Notes
Turn   | Place    | Note
-------+----------+-------------------------------------------
     0 | D:1      | tkbsonic5 the Naga Venom Mage began the quest for the Orb.
     0 | D:1      | Reached XP level 1. HP: 15/15 MP: 3/3
     2 | D:1      | Noticed an elf
     2 | D:1      | Noticed an octopode
     4 | D:1      | Noticed a minotaur
     4 | D:1      | Noticed a ghoul
     6 | D:1      | Noticed a draconian
     8 | D:1      | Noticed a dwarf
     8 | D:1      | Noticed a vine stalker
    10 | D:1      | Noticed a human
    12 | D:1      | Noticed a formicid
    12 | D:1      | Noticed a naga
    14 | D:1      | Noticed an ogre
    14 | D:1      | Noticed a troll
    16 | D:1      | Noticed a demigod
    16 | D:1      | Noticed a gargoyle
    18 | D:1      | Noticed a spriggan
    22 | D:1      | Noticed a merfolk
    22 | D:1      | Noticed a felid
    24 | D:1      | Noticed a vampire
    24 | D:1      | Noticed a demonspawn
    26 | D:1      | Noticed a tengu
   259 | D:1      | Reached XP level 2. HP: 24/24 MP: 5/5
   262 | D:1      | Learned a level 2 spell: Poisonous Vapours
   341 | D:1      | Found a faded altar of an unknown god.
   456 | D:1      | Reached skill level 1 in Fighting
   923 | D:2      | Found a stormy altar of Qazlal.
   952 | D:2      | Slain by an adder

Illustrated notes

Levels and vault maps discovered:
D:1:      kb_arrival_jail, layout_rooms, ebering_ecumenical_altar_webs
D:2:      layout_loops_cross, basic_altar, serial_bayou_ford_a, minivault_19,
          serial_park_tiny_2

Skill      XL: |  1  2 |
---------------+-------+-----
Fighting       | 1 |  1.1
Dodging        | |  1.5
Stealth        | |  3.8
Spellcasting   | |  2.1
Transmutations | |  1.3
Poison Magic   | |  4.1

Action                   || total
-------------------------++-------
Melee: Unarmed           ||     2
       Short sword       ||     3
       Mace              ||     1
 Cast: Sting             ||    11
       Poisonous Vapours ||    10
 Abil: Spit Poison       ||     7
  Use: Scroll            ||     3
       Potion            ||     2
Armor: Robe              ||     3
Dodge: Dodged            ||     7
